 Dungeon Crawl Stone Soup version 0.17.0-7-gfadd4cc (webtiles) character file.

86 HaroldButt the Insei (level 4, -4/35 HPs)
             Began as a Draconian Transmuter on Nov 8, 2015.
             Was an Initiate of Cheibriados.
             Killed from afar by Ijyb (6 damage)
             ... with a wand of frost
             ... on level 3 of the Dungeon.
             The game lasted 00:07:24 (2495 turns).

HaroldButt the Insei (Draconian Transmuter)         Turns: 2495, Time: 00:07:24

Health: -4/35      AC:  6    Str: 13    XL:     4   Next: 27%
Magic:  7/7        EV: 11    Int: 14    God:    Cheibriados [......]
Gold:   155        SH:  0    Dex: 14    Spells: 2 memorised, 4 levels left

rFire  . . .     SeeInvis .       - Unarmed
rCold  . . .     Clarity  .     (armour unavailable)
rNeg   . . .     SustAt   .     (no shield)
rPois  .         Gourm    .     (helmet restricted)
rElec  .         Spirit   .     (no cloak)
rCorr  .         Warding  .     p - +0 pair of gloves
rMut   .         Stasis   .     (no boots)
MR     .....                    (no amulet)
Stlth  +.........               (no ring)
                                (no ring)

@: drained, very slow, not resistant to hostile enchantments, very unstealthy
A: unfitting armour, cold-blooded, AC +5
a: Bend Time, Renounce Religion


You were on level 3 of the Dungeon.
You worshipped Cheibriados.
Cheibriados was noncommittal.
You were not hungry.

You visited 1 branch of the dungeon, and saw 3 of its levels.

You collected 155 gold pieces.

Inventory:

Missiles
 a - 24 arrows
 d - 37 stones (quivered)
Armour
 p - a +0 pair of gloves (worn)
Jewellery
 h - an uncursed ring of teleportation
Scrolls
 e - a scroll of magic mapping {unknown}
 g - a scroll of amnesia {unknown}
Potions
 i - a potion of brilliance {unknown}
 m - a potion of poison {unknown}
Books
 b - a book of Changes

   Spells                             Type                      Level
   a - Beastly Appendage              Transmutation                1
   b - Sticks to Snakes               Transmutation                2
   c - Spider Form                    Transmutation/Poison         3
   d - Ice Form                       Ice/Transmutation            4
   e - Blade Hands                    Transmutation                5
Comestibles
 f - 3 meat rations


   Skills:
 - Level 1.1(0.0) Fighting
 - Level 1.7(0.7) Dodging
 + Level 5.1(4.0) Unarmed Combat
 - Level 2.0(0.9) Spellcasting
 - Level 2.0(0.9) Transmutations


You had 4 spell levels left.
You knew the following spells:

 Your Spells              Type           Power        Failure   Level  Hunger
a - Beastly Appendage     Trmt           #.....       21%         1    ##.....
b - Sticks to Snakes      Trmt           #.........   30%         2    ###....


Dungeon Overview and Level Annotations

Branches:
Dungeon (3/15)

Altars:
Cheibriados
Gozag

Annotations:
D:3 Ijyb


Innate Abilities, Weirdness & Mutations

Your plain brown scales are hard (AC +5).
Your body does not fit into most forms of armour.
You are cold-blooded and may be slowed by cold attacks.


Message History

You barely miss Ijyb.
Your tail-slap misses Ijyb.
Ijyb is moderately wounded.
Ijyb zaps a wand.
The puff of frost misses you.
You hit Ijyb.
Your tail-slap misses Ijyb.
Ijyb is heavily wounded.
Ijyb misses you.
You hit Ijyb.
Ijyb is heavily wounded.
Ijyb zaps a wand.
The puff of frost hits you!
You closely miss Ijyb.
Ijyb is heavily wounded.
Ijyb zaps a wand.
The puff of frost hits you!
* * * LOW HITPOINT WARNING * * *
You barely miss Ijyb. Your punch misses Ijyb.
Ijyb is heavily wounded.
Ijyb hits you but does no damage.
You hit Ijyb.
Your tail-slap misses Ijyb.
Ijyb is heavily wounded.
Ijyb zaps a wand.
The puff of frost hits you!
You die...

#.# .# # # #.# .#
.. .## #.# .#
.######.## #.# .#
...(.....# #.# .#
.[......# #.# .#
........######.##†#
..............bg@.#
...............####
........########
........# #######.#
##>## ### 8...8#
.....# .....8#


You could see Ijyb and a bat.

Vanquished Creatures
  3 adders (D:2)
  An ooze (D:2)
  An adder zombie (D:1)
  2 worms (D:2)
  A giant gecko (D:3)
  An orc (D:3)
  3 bats (D:2)
  2 giant cockroaches (D:2)
  5 goblins (D:2)
  4 hobgoblins
  5 kobolds
  2 quokkas
  A ball python (D:2)
  4 giant newts (D:1)
  3 jackals (D:2)
  A quokka zombie (D:1)
  10 rats
49 creatures vanquished.

Notes
Turn   | Place    | Note
--------------------------------------------------------------
     0 | D:1      | HaroldButt the Draconian Transmuter began the quest for the Orb.
     0 | D:1      | Reached XP level 1. HP: 16/16 MP: 3/3
   346 | D:1      | Reached XP level 2. HP: 20/23 MP: 5/5
  1037 | D:2      | Reached skill level 4 in Unarmed Combat
  1072 | D:2      | Reached XP level 3. HP: 20/28 MP: 4/6
  1236 | D:2      | Learned a level 2 spell: Sticks to Snakes
  1619 | D:2      | Found a snail-covered altar of Cheibriados.
  1639 | D:2      | Became a worshipper of Cheibriados the Contemplative
  1791 | D:2      | Reached XP level 4. HP: 35/35 MP: 7/7
  1843 | D:2      | Reached skill level 5 in Unarmed Combat
  2438 | D:3      | Found an opulent altar of Gozag.
  2440 | D:3      | Noticed Ijyb
  2495 | D:3      | Killed from afar by Ijyb

Action                   |  1- 3 |  4- 6 || total
-------------------------+-------+-------++-------
Melee: Unarmed           |   165 |    82 ||   247
 Cast: Beastly Appendage |     2 |       ||     2
  Use: Scroll            |     5 |       ||     5
       Potion            |     2 |     2 ||     4
 Stab: Sleeping          |     2 |       ||     2
  Eat: Chunk             |     2 |     1 ||     3
       Bread ration      |       |     1 ||     1
